 Dungeon Crawl Stone Soup version 0.18.1-48-g4cf74bf (webtiles) character file.

22 Dueller the Skirmisher (level 2, 27/27 HPs)
             Began as a Minotaur Berserker on Aug 6, 2016.
             Was a Follower of Trog.
             Quit the game on level 1 of the Dungeon.
             The game lasted 00:17:24 (1097 turns).

Dueller the Skirmisher (Minotaur Berserker)         Turns: 1097, Time: 00:17:24

Health: 27/27      AC:  6    Str: 21    XL:     2   Next: 68%
Magic:  1/1        EV: 10    Int:  4    God:    Trog [*.....]
Gold:   53         SH:  0    Dex:  9    Spells: 0 memorised, 1 level left

rFire  . . .     SeeInvis .     a - +0 short sword
rCold  . . .     Gourm    .     k - +0 scale mail
rNeg   + . .     Faith    .     (no shield)
rPois  .         Spirit   .     (helmet restricted)
rElec  .         Dismiss  .     (no cloak)
rCorr  .         Reflect  .     (no gloves)
SustAt .         Harm     .     (no boots)
MR     .....                    (no amulet)
Stlth  ..........               (no ring)
                                f - ring of positive energy

@: not resistant to hostile enchantments, extremely unstealthy
A: retaliatory headbutt, horns 2
a: Berserk, Burn Spellbooks, Renounce Religion


You were on level 1 of the Dungeon.
You worshipped Trog.
Trog was aware of your devotion.
You were not hungry.

You visited 1 branch of the dungeon, and saw 1 of its levels.

You collected 53 gold pieces.

Inventory:

Hand Weapons
 a - a +0 short sword (weapon)
 e - a +0 short sword
Armour
 b - a +0 animal skin
 k - a +0 scale mail (worn)
Jewellery
 f - a ring of positive energy (left hand)
Scrolls
 g - a scroll of remove curse {unknown}
 h - a scroll of enchant armour {unknown}
 j - a scroll of identify {unknown}
Potions
 d - 2 potions of flight {unknown}
 i - a potion of invisibility {unknown}
Comestibles
 c - a bread ration


   Skills:
 + Level 4.3 Fighting
 + Level 3.6 Short Blades
 + Level 2.4 Armour
 + Level 2.5 Dodging


You had one spell level left.
You didn't know any spells.

Dungeon Overview and Level Annotations

Branches:
Dungeon (1/15)

Altars:


Innate Abilities, Weirdness & Mutations

You reflexively headbutt those who attack you in melee.
You have a pair of horns on your head.


Message History

You are not resistant to hostile enchantments.
You are extremely unstealthy.
You are alive.
Your movement speed is average.
Your attack speed is above average.
You are not resistant to hostile enchantments.
You are extremely unstealthy.
Char dumped successfully.
You have 53 gold pieces.
There is a stone staircase leading down here.
Unknown command.
You offer a prayer to Trog.
Trog is aware of your devotion.
Put on which piece of jewellery? (? for menu, Esc to quit)
f - a ring of positive energy (left hand)
There are no items here.
That item cannot be evoked!
You aren't carrying any items that you can evoke.
There's nothing to close nearby.
There is a stone staircase leading down here.
Are you sure you want to abandon this character and quit the game? (Confirm with "yes".)

.......'.# ##.#.# .......#.#
#.#.# .......#.# #.#.# .......#.#
#.#.# .......#.# #.#.# ##.....#.#
#.#.#
#.###.#.#####.#.################
##.#$#...........................
#..###..#######.@...#............
#......## ##......#.#..##♣♣♣.♣♣♣#
#.###.#####..######.#..# ♣⌠♣
#.###...##..## #.#..♣♣♣♣♣.♣♣♣♣
#.....#..#.## ####.#.....⌠.<.⌠..
#...#.##.#.#####.#..#..♣♣♣♣♣.♣♣♣♣
.......#.........#.##..# ♣⌠♣
######.#.#######.#.##..##♣♣♣.♣♣♣#
.....#.#.# #####.##............


There were no monsters in sight!

Vanquished Creatures
  2 dart slugs (D:1)
  5 giant cockroaches (D:1)
  A hobgoblin (D:1)
  2 bats (D:1)
  3 giant newts (D:1)
  3 kobolds (D:1)
  3 rats (D:1)
19 creatures vanquished.

Notes
Turn   | Place    | Note
--------------------------------------------------------------
     0 | D:1      | Dueller the Minotaur Berserker began the quest for the Orb.
     0 | D:1      | Reached XP level 1. HP: 19/19 MP: 0/0
   273 | D:1      | Reached skill level 4 in Fighting
   282 | D:1      | Reached XP level 2. HP: 27/27 MP: 1/1
   995 | D:1      | Reached ** piety under Trog
  1097 | D:1      | Quit the game

Skill      XL: |  1 |
---------------+----+-----
Fighting       | 4 |  4.3
Short Blades   | |  3.6
Armour         | |  2.4
Dodging        | |  2.5

Action                   || total
-------------------------++-------
Melee: Short sword       ||    33
       Headbutt          ||     4
 Stab: Sleeping          ||     1
Armor: Animal skin       ||     8
Dodge: Dodged            ||    28
